 Dungeon Crawl Stone Soup version 0.30-a0-241-g1121274140 (webtiles) character file.

Game seed: 11030916015969993795

1685 gzilladon the Shield-Bearer (level 9, -11/73 HPs)
             Began as a Gnoll Fighter on Oct 10, 2022.
             Was an Initiate of Yredelemnul.
             Mangled by a cyclops (16 damage)
             ... on level 6 of the Dungeon.
             The game lasted 00:22:23 (5476 turns).

gzilladon the Shield-Bearer (Gnoll Fighter)         Turns: 5476, Time: 00:22:24

Health: -11/73     AC: 14    Str: 19    XL:     9   Next: 2%
Magic:  14/14      EV:  8    Int:  9    God:    Yredelemnul [......]
Gold:   269        SH:  5    Dex: 11    Spells: 15/15 levels left

rFire   . . .      SeeInvis .    f - staff of death
rCold   . . .      Faith    .    c - +0 buckler
rNeg    + . .      Spirit   .    i - +0 chain mail
rPois   .          Reflect  .    (no helmet)
rElec   .          Harm     .    n - +0 cloak
rCorr   .          Rampage  .    (no gloves)
Will    .....                    y - +1 pair of boots
Stlth   ..........               (no amulet)
HPRegen 0.32/turn                (no ring)
MPRegen 0.14/turn                (no ring)

@: no status effects
A: fangs 1, strong nose, distributed training
a: Renounce Religion, Recall Undead Harvest


You were on level 6 of the Dungeon.
You worshipped Yredelemnul.
Yredelemnul was noncommittal.
You visited 2 branches of the dungeon, and saw 7 of its levels.

You collected 269 gold pieces.

Inventory:

Hand Weapons
 a - a +0 vorpal war axe
 p - a +2 spectral club
Missiles
 e - 10 boomerangs (quivered)
 m - 66 stones
Armour
 b - a +0 scale mail
 c - a +0 buckler (worn)
 i - a +0 chain mail (worn)
 n - a +0 cloak (worn)
 y - a +1 pair of boots (worn)
 B - the +2 leather armour of Undesirable Species {rPois rF+ rC+}
   (You found it on level 5 of the Dungeon)

   rF:        It protects you from fire.
   rC:        It protects you from cold.
   rPois:     It protects you from poison.
Magical Staves
 f - a staff of death (weapon)
Jewellery
 h - a ring of protection from cold
 v - an amulet of guardian spirit
Scrolls
 g - a scroll of poison
 q - 2 scrolls of teleportation
Potions
 d - 2 potions of haste
 k - a potion of flight {unknown}
 l - a potion of heal wounds {unknown}
 r - 2 potions of lignification
 s - 2 potions of curing
 u - 2 potions of degeneration {unknown}
 w - 2 potions of attraction {unknown}
 z - a potion of cancellation {unknown}


   Skills:
 + Level 7.7 Fighting
 + Level 3.9 Short Blades
 + Level 3.9 Long Blades
 + Level 6.1 Axes
 + Level 3.9 Maces & Flails
 + Level 3.9 Polearms
 + Level 3.9 Staves
 + Level 3.9 Ranged Weapons
 + Level 3.9 Throwing
 + Level 7.7 Armour
 + Level 3.9 Dodging
 + Level 3.9 Stealth
 + Level 7.7 Shields
 + Level 3.9 Unarmed Combat
 + Level 3.9 Spellcasting
 + Level 3.2 Conjurations
 + Level 3.2 Hexes
 + Level 3.2 Summonings
 + Level 3.2 Necromancy
 + Level 3.2 Translocations
 + Level 3.2 Transmutations
 + Level 3.2 Fire Magic
 + Level 3.2 Ice Magic
 + Level 3.2 Air Magic
 + Level 3.2 Earth Magic
 + Level 3.2 Poison Magic
 + Level 4.3 Invocations
 + Level 3.9 Evocations


You had 15 spell levels left.
You didn't know any spells.
Your spell library contained the following spells:

 Spells                   Type           Power      Damage    Failure   Level
 Sandblast                Erth           14%        2d6       63%         1
 Gell's Gravitas          Tloc           7%         N/A       94%         3
 Teleport Other           Tloc           7%         N/A       94%         3
 Borgnjor's Vile Clutch   Necr/Erth      5%         N/A       100%        5
 Lee's Rapid Deconstruct  Erth           3%         3d6*      100%        5
 Dispersal                Tloc           3%         N/A       100%        6
 Polar Vortex             Ice            3%         N/A       100%        9


Dungeon Overview and Level Annotations

Branches:
Dungeon (6/15)             Temple (1/1) D:4

Altars:
Elyvilon
Hepliaklqana
Kikubaaqudgha
Sif Muna
Vehumet
Yredelemnul

Shops:
D:6 *

Annotations:
D:4 3 runed translucent doors, ryw's ghost, weakling DsMo


Innate Abilities, Weirdness & Mutations

You have very sharp teeth.
Your uncanny sense of smell can sniff out nearby items.
Your experience applies equally to all skills.


Message History

Press: ? - help, Q - select action, (/) - cycle Shift-Dir - straight line, f/p - cyclops
Aim: a cyclops, quivering large rocks (heavily wounded, 86% to hit)
You throw a boomerang. The boomerang hits the cyclops.
The cyclops is severely wounded.
Really walk into that cloud of poison gas?
Okay, then.
You hit the cyclops but do no damage.
The cyclops is severely wounded.
The cyclops hits you!
* * * LOW HITPOINT WARNING * * *
Hit: f) staff of death
Press: ? - help, Dir - move target, f/p - cyclops
Aim: a cyclops, quivering large rocks (severely wounded, about 13% to evade your staff of death)
You hit the cyclops but do no damage.
The cyclops is severely wounded.
An orc warrior comes into view. It is wielding a +0 battleaxe.
Hit: f) staff of death
Press: ? - help, Dir - move target, f/p - cyclops
Aim: a cyclops, quivering large rocks (severely wounded, about 13% to evade your staff of death)
The orc warrior shouts!
You hit the cyclops but do no damage. You bite the cyclops, but do no damage.
The cyclops is severely wounded.
You hear a bark!
The cyclops hits you.
* * * LOW HITPOINT WARNING * * *
Hit: f) staff of death
Press: ? - help, Dir - move target, f/p - cyclops
Aim: a cyclops, quivering large rocks (severely wounded, about 13% to evade your staff of death)
You hit the cyclops but do no damage.
The cyclops is severely wounded.
You block the cyclops's attack.
Hit: f) staff of death
Press: ? - help, Dir - move target, f/p - cyclops
Aim: a cyclops, quivering large rocks (severely wounded, about 13% to evade your staff of death)
You hit the cyclops. Your bite misses the cyclops.
The cyclops is severely wounded.
A jelly comes into view.
The cyclops hits you!
You die...
Your body rises from the dead as a mindless zombie.

#... #○°.
#○.### #...°
#○.○# ∆ #○.○#
###J#
#####°.○#..$..#
#○....°@.°.# ∆
#.....C###!#∆
#.○##).....#
#.......#.."..
#.°.....# ###.
#.°##○..# ∆
###○.##......#∆
#..°.##..###.#
#.##.##... #


You could see a cyclops and a jelly.

Vanquished Creatures
  Eustachio (D:6)
  A water moccasin (D:6)
  A black bear (D:3)
  An ogre (D:6)
  A bullfrog (D:5)
  2 scorpions
  2 necrophages
  3 hounds
  2 jellies
  A gnoll bouda (D:5)
  Jessica (D:2)
  6 iguanas
  2 orc wizards
  6 gnolls (D:5)
  8 adders
  An adder zombie (D:6)
  A worm (D:2)
  2 dart slugs
  11 orcs
  9 endoplasms
  4 giant cockroaches
  5 goblins
  11 hobgoblins
  7 jackals
  8 kobolds
  3 quokkas
  5 ball pythons
  5 bats
  2 frilled lizards (D:1)
  3 rats
115 creatures vanquished.

Vanquished Creatures (collateral kills)
  2 bullfrogs
  A necrophage (D:5)
  A scorpion (D:5)
  2 jellies
  An adder (D:6)
  A gnoll (D:5)
  A worm (D:4)
  An orc (D:5)
  A hobgoblin (D:5)
  A goblin (D:5)
  2 kobolds (D:5)
14 creatures vanquished.

Vanquished Creatures (others)
  A water moccasin zombie (D:6)
  A hound zombie (D:5)
  An iguana zombie (D:6)
  2 jelly zombies
  A gnoll zombie (D:5)
  A goblin zombie (D:5)
  2 orc zombies
  17 plants
26 creatures vanquished.

Grand Total: 155 creatures vanquished

Notes
Turn   | Place    | Note
-------+----------+-------------------------------------------
     0 | D:1      | gzilladon the Gnoll Fighter began the quest for the Orb.
     0 | D:1      | Reached XP level 1. HP: 23/23 MP: 1/1
   103 | D:1      | Reached XP level 2. HP: 27/29 MP: 2/2
   823 | D:1      | Reached XP level 3. HP: 35/35 MP: 3/3
  1329 | D:2      | Reached skill level 1 in Invocations
  1530 | D:2      | Reached skill level 1 in Short Blades
  1530 | D:2      | Reached skill level 1 in Long Blades
  1530 | D:2      | Reached skill level 1 in Maces & Flails
  1530 | D:2      | Reached skill level 1 in Polearms
  1530 | D:2      | Reached skill level 1 in Staves
  1530 | D:2      | Reached skill level 1 in Ranged Weapons
  1530 | D:2      | Reached skill level 1 in Throwing
  1530 | D:2      | Reached skill level 1 in Dodging
  1530 | D:2      | Reached skill level 1 in Stealth
  1530 | D:2      | Reached skill level 1 in Unarmed Combat
  1530 | D:2      | Reached skill level 1 in Spellcasting
  1530 | D:2      | Reached skill level 1 in Evocations
  1593 | D:2      | Reached XP level 4. HP: 41/41 MP: 5/5
  1754 | D:2      | Noticed Jessica
  1768 | D:2      | Killed Jessica
  1769 | D:2      | Reached skill level 1 in Conjurations
  1769 | D:2      | Reached skill level 1 in Hexes
  1769 | D:2      | Reached skill level 1 in Summonings
  1769 | D:2      | Reached skill level 1 in Necromancy
  1769 | D:2      | Reached skill level 1 in Translocations
  1769 | D:2      | Reached skill level 1 in Transmutations
  1769 | D:2      | Reached skill level 1 in Fire Magic
  1769 | D:2      | Reached skill level 1 in Ice Magic
  1769 | D:2      | Reached skill level 1 in Air Magic
  1769 | D:2      | Reached skill level 1 in Earth Magic
  1769 | D:2      | Reached skill level 1 in Poison Magic
  2242 | D:3      | Found a faded altar of an unknown god.
  2286 | D:3      | Noticed a black bear
  2295 | D:3      | Killed a black bear
  2296 | D:3      | Reached XP level 5. HP: 35/47 MP: 5/7
  2420 | D:3      | Reached skill level 5 in Axes
  2420 | D:3      | Reached XP level 6. HP: 38/53 MP: 8/8
  2478 | D:3      | Found a white marble altar of Elyvilon.
  2894 | D:3      | Got the Textbook on the Snowy Boulder
  3387 | D:4      | Found a runed translucent gate.
  3387 | D:4      | Found a runed translucent gate.
  3387 | D:4      | Found a runed translucent gate.
  3387 | D:4      | Noticed ryw's ghost (weakling DsMo)
  3436 | D:4      | Found a staircase to the Ecumenical Temple.
  3446 | Temple   | Entered the Ecumenical Temple
  3455 | Temple   | Became a worshipper of Yredelemnul the Dark
  3508 | D:4      | Reached XP level 7. HP: 47/60 MP: 10/10
  3670 | D:5      | Entered Level 5 of the Dungeon
  3874 | D:5      | Reached * piety under Yredelemnul
  4075 | D:5      | Found a hazy altar of Hepliaklqana.
  4175 | D:5      | Reached XP level 8. HP: 55/67 MP: 12/12
  4181 | D:5      | Reached ** piety under Yredelemnul
  4186 | D:5      | Reached *** piety under Yredelemnul
  4399 | D:5      | Identified the +2 leather armour of Undesirable Species
                  | {rPois rF+ rC+}
  5058 | D:6      | Noticed Eustachio
  5095 | D:6      | Killed Eustachio
  5207 | D:6      | Found Casud's General Store.
  5450 | D:6      | Noticed a cyclops
  5453 | D:6      | Reached XP level 9. HP: 14/73 MP: 14/14
  5476 | D:6      | Mangled by a cyclops

Illustrated notes

Levels and vault maps discovered:
D:1:      giann_bridges, layout_basic, serial_park_tiny_2, minmay_distorted
D:2:      layout_basic, serial_glass, glass_columns_a, glass_columns_b,
          glass_columns_b, glass_columns_b, glass_columns_a, glass_columns_a,
          item_on_display_a, due_unseen_surprise, minmay_close_crescents,
          uniq_jessica
D:3:      layout_basic, mainiacjoe_overflow_concentric_impassable,
          chequers_ecumenical_altar_simple_redux, minmay_cut_off
D:4:      layout_loops_ring, minmay_temple_entry_drinking_statues,
          gammafunk_ghost_split, chequers_big_river,
          corexii_item_surrounded_by_moat
D:5:      corexii_shack_village, layout_rooms, mainiacjoe_overflow_chevrons
D:6:      hangedman_cross_stitches, layout_loops_ring, serial_shops, shop,
          nicolae_shop_advertising_works [nicolae_subvault_shop_adworks],
          nicolae_shop_crystal, nicolae_shop_statue_plus, uniq_eustachio,
          uniq_menkaure
Temple:   nicolae_temple_superstar

Skill      XL: |  1  2  3  4  5  6  7  8 |
---------------+-------------------------+-----
Invocations    | 1 2 3 4 |  4.3
Short Blades   | 1 2 3 |  3.9
Long Blades    | 1 2 3 |  3.9
Maces & Flails | 1 2 3 |  3.9
Polearms       | 1 2 3 |  3.9
Staves         | 1 2 3 |  3.9
Ranged Weapons | 1 2 3 |  3.9
Throwing       | 1 2 3 |  3.9
Dodging        | 1 2 3 |  3.9
Stealth        | 1 2 3 |  3.9
Unarmed Combat | 1 2 3 |  3.9
Spellcasting   | 1 2 3 |  3.9
Evocations     | 1 2 3 |  3.9
Conjurations   | 1 2 3 |  3.2
Hexes          | 1 2 3 |  3.2
Summonings     | 1 2 3 |  3.2
Necromancy     | 1 2 3 |  3.2
Translocations | 1 2 3 |  3.2
Transmutations | 1 2 3 |  3.2
Fire Magic     | 1 2 3 |  3.2
Ice Magic      | 1 2 3 |  3.2
Air Magic      | 1 2 3 |  3.2
Earth Magic    | 1 2 3 |  3.2
Poison Magic   | 1 2 3 |  3.2
Axes           | 5 6 |  6.1
Fighting       | 7 |  7.7
Armour         | 7 |  7.7
Shields        | 7 |  7.7

Action                   |  1- 3 |  4- 6 |  7- 9 || total
-------------------------+-------+-------+-------++-------
Melee: War axe           |   104 |   121 |   175 ||   400
       Bite              |    10 |     8 |    19 ||    37
       Staff             |       |       |     6 ||     6
Throw: Boomerang         |       |       |     4 ||     4
Invok: Dark Bargain      |       |       |     1 ||     1
  Use: Potion            |       |     1 |     1 ||     2
       Scroll            |       |       |    11 ||    11
 Stab: Distracted        |       |       |     2 ||     2
Armor: Scale mail        |    59 |    57 |   126 ||   242
       Chain mail        |       |       |    12 ||    12
Dodge: Dodged            |    65 |    49 |   139 ||   253
Block: Buckler           |    37 |    38 |    74 ||   149

Table legend: (Time is in decaauts)
 A = Elapsed time spent in this place.
 B = Non-inter-level travel time spent in this place.
 C = Inter-level travel time spent in this place.
 D = Time resting spent in this place.
 E = Time spent auto-exploring this place.
 F = Levels seen in this place.
 G = Mean time per level.
                   A        B        C        D        E       F      G
               +--------+--------+--------+--------+--------+-----+--------+
         Total |   5617 |   4803 |    814 |   1091 |      0 |   7 |  802.4 |
       Dungeon |   5599 |   4785 |    814 |   1091 |      0 |   6 |  933.2 |
        Temple |     18 |     18 |      0 |      0 |      0 |   1 |   18.0 |
               +--------+--------+--------+--------+--------+-----+--------+

Top non-repeatable levels by time:
     D:5: 1387 daAuts
     D:1: 1310 daAuts
     D:2: 979 daAuts
     D:3: 752 daAuts
     D:4: 695 daAuts
     D:6: 474 daAuts
  Temple: 18 daAuts
